 Dungeon Crawl Stone Soup version 0.19-a0-330-g034cfd4 (webtiles) character file.

67 epen the Gusty (level 3, 0/20 HPs)
             Began as a Deep Elf Air Elementalist on May 28, 2016.
             Succumbed to an adder's poison
             ... on level 2 of the Dungeon.
             The game lasted 00:02:55 (1151 turns).

epen the Gusty (Deep Elf Air Elementalist)          Turns: 1151, Time: 00:02:56

Health: 0/20       AC:  2    Str:  3 (5)  XL:     3   Next: 98%
Magic:  4/10       EV: 18    Int: 17 (20) God:
Gold:   18         SH:  0    Dex: 18 (20) Spells: 3 memorised, 3 levels left

rFire  + . .     SeeInvis .     f - +1 dagger (vamp)
rCold  + . .     Gourm    .     a - +0 robe
rNeg   . . .     Faith    .     (no shield)
rPois  +         Spirit   .     (no helmet)
rElec  +         Dismiss  .     (no cloak)
rCorr  +         Reflect  .     (no gloves)
SustAt .         Harm     .     (no boots)
MR     .....                    (no amulet)
Stlth  +++.......               (no ring)
                                (no ring)

@: agile, lethally poisoned (0 -> -7), resistant, not resistant to hostile
enchantments, fairly stealthy
A: no striking features
a: no special abilities


You were on level 2 of the Dungeon.
You were hungry.

You visited 1 branch of the dungeon, and saw 2 of its levels.

You collected 18 gold pieces.

Inventory:

Hand Weapons
 e - a +0 dagger
 f - a +1 vampiric dagger (weapon)
 m - a +1 dagger of protection
Armour
 a - a +0 robe (worn)
Jewellery
 g - an uncursed ring of ice
Scrolls
 j - a scroll of identify {unknown}
Potions
 d - a potion of cure mutation
Books
 b - a book of Air

   Spells                             Type                      Level
   a - Shock                          Conjuration/Air              1
   b - Swiftness                      Charms/Air                   2
   c - Repel Missiles                 Charms/Air                   2
   d - Static Discharge               Conjuration/Air              3
   e - Lightning Bolt                 Conjuration/Air              5
Comestibles
 c - a bread ration


   Skills:
 + Level 0.8 Fighting
 + Level 2.8 Dodging
 - Level 2.4 Stealth
 + Level 3.5 Spellcasting
 * Level 2.6 Conjurations
 * Level 3.5 Air Magic


You had 3 spell levels left.
You knew the following spells:

 Your Spells              Type           Power        Failure   Level  Hunger
a - Shock                 Conj/Air       ##..         6%          1    None
b - Repel Missiles        Chrm/Air       #.....       14%         2    ##.....
c - Static Discharge      Conj/Air       ##......     17%         3    ###....


Dungeon Overview and Level Annotations

Branches:
Dungeon (2/15)

Altars:


Message History

* * * LOW HITPOINT WARNING * * *
You feel sick.
You see here a robe.
Eat which item? (? for menu, Esc to quit)
Okay, then.
Put on which piece of jewellery? (? for menu, Esc to quit)
Okay, then.
Eat which item? (? for menu, Esc to quit)
Okay, then.
Read which item? (? for menu, Esc to quit)
As you read the scroll labeled WIVIUJ XELUE, it crumbles to dust.
You feel strangely unstable.
It was a scroll of teleportation.
There is a lethal amount of poison in your body!
* * * LOW HITPOINT WARNING * * *
You feel sick.
Your surroundings suddenly seem different.
Found a stone staircase leading up.
Unknown command.
There is a lethal amount of poison in your body!
You die...

#. #.
##.####
#......
#.....##
#......
#...<.#
#....@#
#.###.#
#.# ...
#.# #.#
#.# #.#


There were no monsters in sight!

Vanquished Creatures
  Jessica (D:2)
  An adder (D:2)
  An ooze (D:1)
  A dart slug (D:1)
  A giant gecko (D:2)
  4 goblins
  2 hobgoblins (D:1)
  A ball python (D:1)
  4 bats
  3 giant newts (D:1)
  7 kobolds
  2 rats (D:1)
28 creatures vanquished.

Notes
Turn   | Place    | Note
--------------------------------------------------------------
     0 | D:1      | epen the Deep Elf Air Elementalist began the quest for the Orb.
     0 | D:1      | Reached XP level 1. HP: 10/10 MP: 6/6
   125 | D:1      | Reached XP level 2. HP: 10/15 MP: 0/8
   199 | D:1      | Learned a level 2 spell: Repel Missiles
  1025 | D:2      | Reached XP level 3. HP: 20/20 MP: 2/9
  1030 | D:2      | Learned a level 3 spell: Static Discharge
  1121 | D:2      | Noticed Jessica
  1124 | D:2      | Killed Jessica
  1149 | D:2      | HP: 1/20 [poisoned by an adder]
  1151 | D:2      | Succumbed to an adder's poison

Vault maps used:
D:1:      dpeg_arrival_windows_large_door
D:2:      uniq_jessica

Skill      XL: |  1  2 |
---------------+-------+-----
Conjurations   | 2 |  2.6
Fighting       | |  0.8
Dodging        | |  2.8
Stealth        | |  2.4
Spellcasting   | |  3.5
Air Magic      | |  3.5

Action                   || total
-------------------------++-------
Melee: Unarmed           ||     6
       Dagger            ||     9
 Cast: Shock             ||    55
  Use: Potion            ||     4
       Scroll            ||     1
  Eat: Bread ration      ||     1
Armor: Robe              ||     5
Dodge: Dodged            ||    17
